 Dungeon Crawl Stone Soup version 0.29-a0-275-g389c0b56f3 (webtiles) character file.

Game seed: 6818689204029139434

4 Hubjo the Magician (level 1, 0/15 HPs)
             Began as a Demonspawn Wanderer on Mar 9, 2022.
             Slain by a jackal (3 damage)
             ... on level 1 of the Dungeon.
             The game lasted 00:00:22 (130 turns).

Hubjo the Magician (Demonspawn Wanderer)             Turns: 130, Time: 00:00:23

Health: 0/15       AC:  2    Str: 11    XL:     1   Next: 50%
Magic:  5/5        EV: 10    Int: 16    God:
Gold:   8          SH:  3    Dex: 10    Spells: 8/8 levels left

rFire   . . .      SeeInvis .   a - +0 club
rCold   . . .      Faith    .   e - +0 buckler
rNeg    . . .      Spirit   .   d - +0 robe
rPois   .          Reflect  .   (no helmet)
rElec   .          Harm     .   (no cloak)
rCorr   .          Rampage  .   (no gloves)
Will    .....                   (no boots)
Stlth   +.........              (no amulet)
HPRegen 0.05/turn               (no ring)
MPRegen 0.09/turn               (no ring)

@: no status effects
A: no striking features
a: no special abilities


You were on level 1 of the Dungeon.
You visited 1 branch of the dungeon, and saw 1 of its levels.

You collected 8 gold pieces.

Inventory:

Hand Weapons
 a - a +0 club (weapon)
Missiles
 c - 45 stones (quivered)
Armour
 d - a +0 robe (worn)
 e - a +0 buckler (worn)


   Skills:
 * Level 1.1 Fighting
 + Level 1.1 Stealth
 + Level 1.0 Shields
 + Level 4.0 Spellcasting
 + Level 1.0 Earth Magic
 + Level 1.3 Invocations


You had 8 spell levels left.
You didn't know any spells.
Your spell library contained the following spells:

 Spells                   Type           Power      Damage    Failure   Level
 Sandblast                Erth           12%        2d6       16%         1
 Slow                     Hex            12%        N/A       22%         1
 Passwall                 Tmut/Erth      3%         N/A       28%         2
 Stone Arrow              Conj/Erth      8%         3d7       50%         3
 Dazzling Flash           Conj/Hex       6%         N/A       56%         3
 Frozen Ramparts          Ice            6%         1d2       56%         3


Dungeon Overview and Level Annotations

Branches:
Dungeon (1/15)

Altars:


Message History

The bat closely misses you. The jackal bites you.
* * * LOW HITPOINT WARNING * * *
The bat barely misses you. You block the jackal's attack.
The bat hits you but does no damage.
You feel much better. The endoplasm freezes you.
You are frozen.
You barely miss the jackal. The jackal closely misses you.
The endoplasm freezes you.
You are frozen.
You block the jackal's attack.
You don't know any spells.
The jackal attacks as you move away! The jackal barely misses you.
The endoplasm closely misses you. The endoplasm attacks as you move away!
The endoplasm closely misses you. The jackal bites you.
The endoplasm barely misses you.
Found 3 gold pieces.
The jackal bites you but does no damage.
The jackal attacks as you move away! The jackal barely misses you.
You hit the jackal.
The jackal is severely wounded.
The jackal barely misses you.
You closely miss the jackal.
The jackal is severely wounded.
The jackal closely misses you. The jackal bites you.
You completely miss the jackal.
The jackal is severely wounded.
You block the jackal's attack. The jackal bites you.
You hit the jackal but do no damage.
The jackal is severely wounded.
The jackal barely misses you. You block the jackal's attack.
You hit the jackal but do no damage.
The jackal is severely wounded.
The jackal barely misses you.
You hit the jackal.
You kill the jackal!
The jackal bites you.
You barely miss the jackal. The jackal bites you. x2
* * * LOW HITPOINT WARNING * * *
You closely miss the jackal. The jackal bites you.
You die...

...........(......###.#
.#########............#
.#... ..........!.†....+
.#.#.#......#.######..##
.....#...................
.####.......#..##.#.. .##
....####....#..# .# ....
.......###. #..##.#.....#
........ #. #.hh@.......
⌠....... # ##b####..###
>⌠...... ..... ...
⌠....... $.##.### #
........ #. ..# ........
# ### .......# ....#####
.####...###


You could see 2 jackals and a bat.

Vanquished Creatures
  A ball python (D:1)
  A jackal (D:1)
  A kobold (D:1)
3 creatures vanquished.

Notes
Turn   | Place    | Note
-------+----------+-------------------------------------------
     0 | D:1      | Hubjo the Demonspawn Wanderer began the quest for the Orb.
     0 | D:1      | Hubjo set off with the following items: a +0 club, a potion
                  | of heal wounds, 34 stones, a +0 robe, a +0 buckler; and the
                  | following spells available to memorise: Sandblast, Slow,
                  | Passwall, Stone Arrow, Dazzling Flash, Frozen Ramparts
     0 | D:1      | Reached XP level 1. HP: 15/15 MP: 5/5
   130 | D:1      | Slain by a jackal

Illustrated notes

Levels and vault maps discovered:
D:1:      dpeg_arrival_three_bigger_balls, layout_basic

Action                   || total
-------------------------++-------
Melee: Club              ||    16
  Use: Potion            ||     1
Armor: Robe              ||     7
Dodge: Dodged            ||    21
Block: Buckler           ||     6

Table legend: (Time is in decaauts)
 A = Elapsed time spent in this place.
 B = Non-inter-level travel time spent in this place.
 C = Inter-level travel time spent in this place.
 D = Time resting spent in this place.
 E = Time spent auto-exploring this place.
 F = Levels seen in this place.
 G = Mean time per level.
                   A        B        C        D        E       F      G
               +--------+--------+--------+--------+--------+-----+--------+
         Total |    134 |    134 |      0 |      0 |     87 |   1 |  134.0 |
       Dungeon |    134 |    134 |      0 |      0 |     87 |   1 |  134.0 |
               +--------+--------+--------+--------+--------+-----+--------+

Top non-repeatable levels by time:
     D:1: 134 daAuts
